 Dungeon Crawl Stone Soup version 0.19-a0-1185-gacb3972 (webtiles) character file.

74 Gorice the Cutter (level 4, -1/24 HPs)
             Began as a Kobold Enchanter on Aug 18, 2016.
             Was an Initiate of Okawaru.
             Slain by an adder (5 damage)
             ... on level 2 of the Dungeon.
             The game lasted 00:05:57 (2272 turns).

Gorice the Cutter (Kobold Enchanter)                Turns: 2272, Time: 00:05:58

Health: -1/24      AC:  4    Str: 12    XL:     4   Next: 54%
Magic:  7/7        EV: 21    Int: 18    God:    Okawaru [......]
Gold:   48         SH:  0    Dex: 21    Spells: 1 memorised, 6 levels left

rFire  . . .     SeeInvis .     a - +1 dagger
rCold  . . .     Gourm    .     b - +2 robe
rNeg   . . .     Faith    .     (shield restricted)
rPois  .         Spirit   .     (no helmet)
rElec  .         Dismiss  .     (no cloak)
rCorr  .         Reflect  .     (no gloves)
MR     .....     Harm     .     (no boots)
Stlth  ++++......               (no amulet)
                                (no ring)
                                (no ring)

@: mighty, brilliant, agile, lethally poisoned (-1 -> -12)
A: carnivore 3
a: Renounce Religion


You were on level 2 of the Dungeon.
You worshipped Okawaru.
Okawaru was noncommittal.
You were completely stuffed.

You visited 1 branch of the dungeon, and saw 2 of its levels.

You collected 48 gold pieces.

Inventory:

Hand Weapons
 a - a +1 dagger (weapon)
 g - a +0 short sword
Missiles
 f - 23 sling bullets
 Z - 83 stones (quivered)
Armour
 b - a +2 robe (worn)
Scrolls
 i - a scroll of identify {unknown}
 m - 2 scrolls of remove curse
Potions
 h - 3 potions of might {!q}
 k - a potion of curing {unknown}
Books
 c - a book of Maledictions
Comestibles
 d - 3 meat rations {!e}


   Skills:
 * Level 5.3 Short Blades
 - Level 2.4 Dodging
 - Level 4.0 Stealth
 - Level 2.0 Spellcasting
 - Level 3.0 Hexes


You had 6 spell levels left.
You knew the following spells:

 Your Spells              Type           Power        Failure   Level  Hunger
a - Corona                Hex            ###....      1%          1    #......


Dungeon Overview and Level Annotations

Branches:
Dungeon (2/15)

Altars:
Cheibriados
Okawaru
Uskayaw
The Shining One

Annotations:
D:2 exclusion: 3 gnolls


Innate Abilities, Weirdness & Mutations

You are small and have problems with some larger weapons.
You are carnivorous and can eat meat at any time.


Message History

Damage: 3 (max 3)
You hit the adder but do no damage. The adder bites you.
You are poisoned.
The adder poisons you!
Damage: 5 (max 5)
You closely miss the adder.
You feel sick. The adder closely misses you.
Damage: 1 (max 5)
You barely miss the adder. The adder closely misses you.
You closely miss the adder.
You feel sick. The adder completely misses you.
Damage: 1 (max 5)
You hit the adder.
The adder is lightly wounded.
The adder barely misses you.
You hit the adder but do no damage.
The adder is lightly wounded.
The adder bites you.
* * * LOW HITPOINT WARNING * * *
You are lethally poisoned!
The adder poisons you!
Damage: 4 (max 5)
* * * LOW HITPOINT WARNING * * *
You feel sick.
Damage: 1 (max 5)
You hit the adder but do no damage.
The adder is lightly wounded.
* * * LOW HITPOINT WARNING * * *
You feel sick. The adder barely misses you.
Damage: 1 (max 5) Unknown command.
It was a potion of might.
You feel very mighty all of a sudden.
* * * LOW HITPOINT WARNING * * *
You feel sick. The adder bites you.
* * * LOW HITPOINT WARNING * * *
The adder bites you.
* * * LOW HITPOINT WARNING * * *
You are more poisoned.
The adder poisons you!
Damage: 2 (max 5) Unknown command.
It was a potion of agility.
You feel agile all of a sudden.
* * * LOW HITPOINT WARNING * * *
You feel sick. The adder closely misses you.
Damage: 1 (max 5) It was a potion of brilliance.
You feel clever all of a sudden.
* * * LOW HITPOINT WARNING * * *
You feel sick. The adder bites you.
You die...

#. .. ... .#..# ## .#..
###### #.###. .... #
#..... ....###.# .#
#.#### #..#..##.#
#.##♣. #@S.....# #.##..
###...### #.##♣. #...#
#.##.. #...# #.####
#...# ##.# # .. #...#
#..#
#.##.###...######.#####
#............(.........
#......................


You could see an adder.

Vanquished Creatures
  Jessica (D:2)
  A giant gecko (D:1)
  5 bats
  3 giant cockroaches
  2 goblins (D:1)
  8 hobgoblins
  10 jackals
  A giant newt (D:1)
  6 kobolds
  4 rats (D:1)
41 creatures vanquished.

Notes
Turn   | Place    | Note
-------+----------+-------------------------------------------
     0 | D:1      | Gorice the Kobold Enchanter began the quest for the Orb.
     0 | D:1      | Reached XP level 1. HP: 10/10 MP: 3/3
   130 | D:1      | Reached skill level 2 in Short Blades
   425 | D:1      | Reached XP level 2. HP: 8/15 MP: 1/5
   548 | D:1      | Reached skill level 3 in Short Blades
  1057 | D:1      | Reached XP level 3. HP: 19/19 MP: 4/6
  1202 | D:1      | Reached skill level 4 in Short Blades
  1718 | D:2      | Found a snail-covered altar of Cheibriados.
  1718 | D:2      | Found an iron altar of Okawaru.
  1847 | D:2      | Became a worshipper of Warmaster Okawaru
  1914 | D:2      | Found a glowing golden altar of the Shining One.
  1947 | D:2      | Found a hide-covered altar of Uskayaw.
  1948 | D:2      | Noticed Jessica
  1957 | D:2      | Killed Jessica
  1957 | D:2      | Reached skill level 5 in Short Blades
  1957 | D:2      | Reached XP level 4. HP: 12/24 MP: 5/7
  2270 | D:2      | HP: 7/24 [adder (1)]
  2272 | D:2      | Slain by an adder

Vault maps used:
D:1:      onia_arrival_mini_spirals, minmay_misc_feat_doors
D:2:      nicolae_overflow_crystal_walls, tso_altar, grunt_temple_overflow_open,
          amethyst_killhole, uniq_jessica

Skill      XL: |  1  2  3 |
---------------+----------+-----
Short Blades   | 2 3 5 |  5.3
Dodging        | |  2.4
Stealth        | |  4.0
Spellcasting   | |  2.0
Hexes          | |  3.0

Action                   |  1- 3 |  4- 6 || total
-------------------------+-------+-------++-------
Melee: Dagger            |   168 |    19 ||   187
 Cast: Corona            |    35 |     5 ||    40
  Use: Scroll            |     5 |       ||     5
       Potion            |       |     3 ||     3
 Stab: Sleeping          |     4 |       ||     4
  Eat: Chunk             |    13 |     1 ||    14
Armor: Robe              |    31 |     4 ||    35
Dodge: Dodged            |   149 |    18 ||   167

Table legend:
 A = Turns spent in this place as a percentage of turns spent in the entire game.
 B = Non-inter-level travel turns spent in this place as a percentage of non-inter-level travel turns spent in the entire game.
 C = Inter-level travel turns spent in this place as a percentage of turns spent in this place.
 D = Turns resting spent in this place as a percentage of non-inter-level travel turns spent in this place.
 E = Turns spent auto-exploring this place as a percentage of non-inter-level travel turns spent in this place.
 F = Non-inter-level travel turns spent in this place divided by the number of levels of this place that you've seen.
                   A       B       C       D       E      F
               +-------+-------+-------+-------+-------+----------------------
         Total | 100.0 | 100.0 |   0.6 |   2.3 |   3.7 | 351.0
       Dungeon | 100.0 | 100.0 |   0.6 |   2.3 |   3.7 | 351.0
               +-------+-------+-------+-------+-------+----------------------

Vault maps used:
D:1:      onia_arrival_mini_spirals, minmay_misc_feat_doors
D:2:      nicolae_overflow_crystal_walls, tso_altar, grunt_temple_overflow_open,
          amethyst_killhole, uniq_jessica
